 Dungeon Crawl Stone Soup version 0.16.1-51-g6203257 (webtiles) character file.

116 poirepourri the Bolt Thrower (level 5, 0/39 HPs)
             Began as a Formicid Hunter on Aug 6, 2015.
             Slain by poirepourri's ghost (8 damage)
             ... on level 3 of the Dungeon.
             The game lasted 00:07:08 (2218 turns).

poirepourri the Bolt Thrower (Formicid Hunter)      Turns: 2218, Time: 00:07:08

Health: 0/39       AC: 11    Str: 17    XL:     5   Next: 20%
Magic:  7/7        EV: 11    Int: 10    God:
Gold:   83         SH:  0    Dex: 12    Spells: 0 memorised, 4 levels left

rFire  x . .     SeeInvis +     a - +0 short sword
rCold  + . .     Clarity  .     h - +0 ring mail
rNeg   . . .     SustAb   .     (no shield)
rPois  .         Gourm    .     (helmet unavailable)
rElec  .         Spirit   .     j - +1 cloak
rCorr  .         Warding  .     (no gloves)
rMut   .         Stasis   +     (no boots)
MR     .....                    (no amulet)
Stlth  +.........               (no ring)
                                f - ring of ice

@: not resistant to hostile enchantments, very unstealthy
A: permanent stasis, dig shafts and tunnels, four strong arms, antennae 3,
iridescent scales 1, mutation resistance 1
a: Dig, Shaft Self


You were on level 3 of the Dungeon.
You were hungry.

You visited 1 branch of the dungeon, and saw 3 of its levels.

You collected 83 gold pieces.

Inventory:

Hand weapons
 a - a +0 short sword (weapon)
 b - a +2 hand crossbow
Armour
 d - a +0 leather armour
 h - a +0 ring mail (worn)
 j - a +1 cloak (worn)
Jewellery
 f - a ring of ice (left hand)
 o - a +4 ring of dexterity {unknown}
Potions
 c - a potion of magic {unknown}
 g - a potion of invisibility {unknown}
Books
 n - a book of Alchemy

   Spells                             Type                      Level
   a - Sublimation of Blood           Necromancy                   2
   b - Alistair's Intoxication        Transmutation/Poison         4
   c - Condensation Shield            Ice                          4
   d - Petrify                        Transmutation/Earth          4
   e - Ignite Poison                  Fire/Transmutation           5
   f - Irradiate                      Conjuration/Transmutation    5
Comestibles
 l - a chunk of flesh
 m - 2 bread rations


   Skills:
 + Level 2.3 Fighting
 + Level 5.5 Crossbows
 + Level 1.4 Armour
 + Level 2.4 Dodging
 + Level 1.2 Stealth


You had 4 spell levels left.
You didn't know any spells.

Dungeon Overview and Level Annotations

Branches:
Dungeon (3/15)

Altars:
Nemelex Xobeh

Annotations:
D:3 poirepourri's ghost, average DsBe


Innate Abilities, Weirdness & Mutations

You are under a permanent stasis effect.
You can dig through walls and to a lower floor.
Your four strong arms can wield two-handed weapons with a shield.
You have a pair of large antennae on your head (SInv).
You are partially covered in iridescent scales (AC +4).
You are somewhat resistant to further mutation.


Message History

The giant cockroach completely misses you.
Poirepourri's ghost hits you but does no damage.
The rat barely misses you.
The giant cockroach bites you but does no damage.
Poirepourri's ghost hits you!
* * * LOW HITPOINT WARNING * * *
You barely miss poirepourri's ghost.
Poirepourri's ghost is lightly damaged.
The rat misses you. The giant cockroach barely misses you.
Poirepourri's ghost hits you.
* * * LOW HITPOINT WARNING * * *
You hit poirepourri's ghost but do no damage.
Poirepourri's ghost is lightly damaged.
The giant cockroach closely misses you. The rat closely misses you.
Poirepourri's ghost hits you but does no damage.
You hit poirepourri's ghost but do no damage.
Poirepourri's ghost is lightly damaged.
The giant cockroach barely misses you. The rat barely misses you.
Poirepourri's ghost hits you!
You die...

. 8.. ....#########
.........r...#
#...l.@s...#
#......W...#
#..........# ..
......#####.#
######. .#####
#.#######.( .......
########..........
..... [.
.............(...#
....# .#
#####.......).....#
.##.##.# .
......#..%)(.#### .


You could see poirepourri's ghost, a giant cockroach, a giant newt and a rat.

Vanquished Creatures
  Crazy Yiuf (D:2)
  Ijyb (D:2)
  2 giant geckos
  2 orcs (D:3)
  2 ball pythons
  4 giant cockroaches
  7 goblins
  7 hobgoblins
  3 jackals (D:2)
  8 kobolds
  3 quokkas
  7 bats
  2 giant newts
  10 rats
59 creatures vanquished.

Notes
Turn   | Place    | Note
--------------------------------------------------------------
     0 | D:1      | poirepourri, the Formicid Hunter, began the quest for the Orb.
     0 | D:1      | Reached XP level 1. HP: 16/16 MP: 1/1
    98 | D:1      | Reached XP level 2. HP: 20/22 MP: 3/3
   112 | D:1      | Found a sparkling altar of Nemelex Xobeh.
   610 | D:1      | Reached XP level 3. HP: 28/28 MP: 4/4
   745 | D:1      | You fall through a shaft!
   745 | D:2      | Noticed Crazy Yiuf
   758 | D:2      | Killed Crazy Yiuf
   758 | D:2      | Reached skill level 5 in Crossbows
   758 | D:2      | Reached XP level 4. HP: 8/34 MP: 5/5
  1226 | D:2      | Noticed Ijyb
  1236 | D:2      | Killed Ijyb
  1236 | D:2      | Reached skill level 1 in Armour
  1585 | D:2      | Reached XP level 5. HP: 34/39 MP: 7/7
  1618 | D:2      | Gained mutation: You are partially covered in iridescent scales (AC +4). [potion of mutation]
  1618 | D:2      | Gained mutation: You are somewhat resistant to further mutation. [potion of mutation]
  2185 | D:3      | Noticed poirepourri's ghost (average DsBe)
  2218 | D:3      | Slain by poirepourri's ghost

Action                   |  1- 3 |  4- 6 || total
-------------------------+-------+-------++-------
Melee: Hand crossbow     |     4 |     5 ||     9
       Short sword       |       |    96 ||    96
 Fire: Hand crossbow     |    55 |    64 ||   119
 Abil: Dig               |     7 |     2 ||     9
       Shaft Self        |     1 |       ||     1
  Use: Potion            |     2 |     5 ||     7
       Scroll            |     1 |     7 ||     8
  Eat: Pizza             |     1 |       ||     1
       Bread ration      |       |     1 ||     1
       Chunk             |       |     1 ||     1
